 Dungeon Crawl Stone Soup version 0.31-a0-1537-g69dc257577 (webtiles) character file.

Game seed: 11750743518309083404

23891 PlayingRandomsOnly the Destroyer (level 12, -17/97 HPs)
             Began as an Armataur Fire Elementalist on Jan 1, 2024.
             Was a Plaything of Xom.
             Demolished by a skyshark (21 damage)
             ... on level 3 of the Lair of Beasts.
             The game lasted 02:04:38 (15269 turns).

PlayingRandomsOnly the Destroyer (AtFE)            Turns: 15269, Time: 02:04:38

Health: -17/97     AC: 13    Str: 16    XL:     12   Next: 75%
Magic:  10/30      EV: 15    Int: 16    God:    Xom [*.....]
Gold:   376        SH:  0    Dex: 14    Spells: 3/21 levels left

rFire   . . .        a - +5 dagger (elec)
rCold   . . .        (no shield)
rNeg    + . .        Q - +2 robe {Will+}
rPois   .            (helmet restricted)
rElec   .            J - +2 cloak
rCorr   .            F - +2 pair of gloves
SInv    .            (no barding)
Will    +....        v - amulet of the acrobat
Stlth   +++          k - +5 ring of evasion
HPRegen 0.36/turn    L - ring of Dithmenos's Regard {rN+ MP+9 Dex+3}
MPRegen 0.22/turn

%: random rage (3%), acrobat, roll
@: on blink cooldown
A: large, deformed body, tough skin 3, armoured tail, roll 2, antennae 1,
berserk 1, dopey 1, high MP 1, sense surroundings 1, screaming 1
a: Renounce Religion


You were on level 3 of the Lair of Beasts.
You worshipped Xom.
You were a special plaything of Xom.
You visited 2 branches of the dungeon, and saw 12 of its levels.
You also visited: Ossuary.

You collected 695 gold pieces.
You spent 319 gold pieces at shops.

Inventory:

Hand Weapons
 a - a +5 dagger of electrocution (weapon)
 e - a +0 mace of venom
 E - the +6 falchion "Haara" {speed, Int+4}
   (You took it off a kobold brigand on level 8 of the Dungeon)

   Int+4:     It affects your intelligence (+4).
Missiles
 l - 18 poisoned darts
 R - a curare-tipped dart
Armour
 D - the +2 robe of Words of Power {+Blink rF+ Str+8 Stlth-}
   (You found it on level 9 of the Dungeon)

   Str+8:     It affects your strength (+8).
   rF+:       It protects you from fire.
   +Blink:    It lets you blink.
   Stlth-:    It makes you less stealthy.
 F - a +2 pair of gloves (worn)
 J - a +2 cloak (worn)
 K - a +0 robe of positive energy
 Q - a +2 robe of willpower (worn)
 W - a +0 helmet
Magical Staves
 b - a staff of conjuration
Jewellery
 k - a +5 ring of evasion (left hand)
 v - an amulet of the acrobat (around neck)
 z - a ring of flight
 A - a ring of protection from fire
 L - the ring of Dithmenos's Regard (right hand) {rN+ MP+9 Dex+3}
   (You found it on level 9 of the Dungeon)

   [ring of magical power]

   Dex+3:     It affects your dexterity (+3).
   rN+:       It protects you from negative energy.
   MP+9:      It affects your magic capacity (+9).
 O - a ring of protection from fire
Wands
 q - a wand of mindburst (9)
 C - a wand of digging (4)
 H - a wand of quicksilver (4)
 M - a wand of iceblast (24)
 N - a wand of polymorph (12)
Scrolls
 c - 2 scrolls of teleportation
 d - 2 scrolls of fear
 g - 3 scrolls of enchant weapon
 j - 5 scrolls of vulnerability
 m - 2 scrolls of noise
 n - a scroll of summoning {unknown}
 p - 3 scrolls of acquirement {unknown}
 s - 4 scrolls of brand weapon
 w - a scroll of enchant armour
 x - 2 scrolls of poison
 y - 2 scrolls of torment
 B - 3 scrolls of blinking {unknown}
 G - a scroll of fog {unknown}
 S - 2 scrolls of revelation
Potions
 f - 2 potions of magic
 h - 9 potions of curing
 i - 2 potions of brilliance {unknown}
 o - 3 potions of enlightenment
 r - 4 potions of heal wounds
 t - a potion of cancellation {unknown}
 u - 2 potions of ambrosia
 I - 3 potions of might {unknown}
 P - 2 potions of resistance {unknown}
 T - 2 potions of mutation
 V - 2 potions of attraction
 X - 2 potions of lignification


   Skills:
 + Level 6.9 Fighting
 - Level 8.0 Short Blades
 + Level 6.8 Armour
 - Level 1.3 Dodging
 - Level 7.0 Stealth
 - Level 5.0 Spellcasting
 - Level 8.0 Conjurations
 - Level 3.0 Hexes
 - Level 5.0 Translocations
 - Level 8.0 Fire Magic
 - Level 5.0 Ice Magic
 - Level 6.0 Evocations


You had 3 spell levels left.
You knew the following spells:

 Your Spells              Type           Power      Damage    Failure   Level
a - Foxfire               Conj/Fire      100%       2x1d9     1%          1
b - Scorch                Fire           58%        2d7       1%          2
c - Volatile Blastmotes   Fire/Tloc      48%        2d14      3%          3
d - Flame Wave            Conj/Fire      29%        2d9       5%          4
e - Blink                 Tloc           40%        N/A       3%          2
f - Ozocubu's Armour      Ice            20%        N/A       6%          3
g - Inner Flame           Hex/Fire       21%        N/A       4%          3

Your spell library contained the following spells:

 Spells                   Type           Power      Damage    Failure   Level
 Momentum Strike          Conj/Tloc      48%        3d9       1%          2
 Shock                    Conj/Air       64%        1d7       3%          1
 Lesser Beckoning         Tloc           40%        N/A       3%          2
 Slow                     Hex            52%        N/A       4%          1
 Dazzling Flash           Conj/Hex       42%        N/A       4%          3
 Gell's Gravitas          Tloc           20%        N/A       6%          3
 Teleport Other           Tloc           20%        N/A       6%          3
 Stone Arrow              Conj/Erth      32%        3d9       9%          3
 Confusing Touch          Hex            13%        N/A       13%         3
 Sigil of Binding         Hex            13%        N/A       13%         3
 Sandblast                Erth           8%         2d5       16%         1
 Summon Small Mammal      Summ           16%        N/A       16%         1
 Call Imp                 Summ           8%         N/A       22%         2
 Sublimation of Blood     Necr           4%         N/A       22%         2
 Call Canine Familiar     Summ           4%         N/A       41%         3
 Passwall                 Erth           4%         N/A       41%         3
 Vampiric Draining        Necr           4%         2d6       41%         3
 Iskenderun's Mystic Bla  Conj/Tloc      24%        2d7       11%         4
 Brom's Barrelling Bould  Conj/Erth      16%        2d4       28%         4
 Fulminant Prism          Conj/Alch      8%         3d7       28%         4
 Summon Blazeheart Golem  Fire/Summ      16%        N/A       28%         4
 Vhi's Electric Charge    Tloc/Air       24%        N/A       47%         4
 Arcjolt                  Conj/Air       8%         1d18      63%         5
 Metabolic Englaciation   Hex/Ice        8%         N/A       63%         5
 Dispersal                Tloc           10%        N/A       96%         6
 Plasma Beam              Fire/Air       8%         2x1d18    99%         6
 Sculpt Simulacrum        Ice/Alch       6%         N/A       100%        6
 Summon Hydra             Summ           2%         N/A       100%        7


Dungeon Overview and Level Annotations

Branches:
Dungeon (9/15)             Temple (0/1) D:7            Lair (3/5) D:8
Ossuary (visited)
  Swamp: Lair:2-3    Shoals: Lair:2-3     Snake: Lair:2-3    Spider: Lair:2-3
    Orc: D:9-12

Altars:
Ashenzari
Vehumet
Xom
The Shining One

Shops:
D:1 *(   D:3 (   D:4 ?   D:7 *

Annotations:
D:3 2 transporters, BMaster's ghost, amateur MiFi
D:8 1 exclusion


Innate Abilities, Weirdness & Mutations

Armour fits poorly on your strangely shaped body.
You have extremely tough skin. (AC +3)
You have a long armoured tail.
You regenerate magic and health when rolling toward enemies. (Rampage Regen)
You have a pair of small antennae on your head.
You sometimes lose your temper in combat.
You are dopey. (Int -2)
You have an increased reservoir of magic. (+10% MP)
You passively map a small area around you.
You occasionally shout uncontrollably at your foes.


Message History

* * * LOW HITPOINT WARNING * * *
You emit a cloud of colourful smoke!
The skyshark tail-slaps you but does no damage.
The skyshark misses you.
Press: ? - help, v - describe, . - travel
Here: a skyshark (magical condensation, severely wounded, berserk, more vulnerable to fire)
The floor.
Aiming: Mindburst
Press: ? - help, Shift-Dir - straight line, f/p - skyshark
Aim: a skyshark (magical condensation, severely wounded, berserk, more vulnerable to fire, chance to affect: 71%)
Okay, then.
Aiming: Polymorph
Press: ? - help, Shift-Dir - straight line, f/p - skyshark
Aim: a skyshark (magical condensation, severely wounded, berserk, more vulnerable to fire, will become a swamp dragon, a queen bee, or a harpy, chance to affect: 47%)
Okay, then.
Okay, then.
Okay, then.
Aiming: Quicksilver Bolt
Press: ? - help, Shift-Dir - straight line, f/p - skyshark
Aim: a skyshark (magical condensation, severely wounded, berserk, more vulnerable to fire, 81% to hit)
The bolt of dispelling energy hits the skyshark!!
The skyshark is almost dead.
The skyshark's magical effects unravel!
The skyshark bites you.
* * * LOW HITPOINT WARNING * * *
The skyshark tail-slaps you but does no damage. x2
The skyshark bites you.
* * * LOW HITPOINT WARNING * * *
The skyshark tail-slaps you.
* * * LOW HITPOINT WARNING * * *
The skyshark tail-slaps you.
* * * LOW HITPOINT WARNING * * *
Press: ? - help, v - describe, . - travel
Here: a skyshark (magical condensation, almost dead, berserk)
The floor.
Casting: Blink (safe; 3% risk of failure)
Confirm with . or Enter, or press ? or * to list all spells.
Flames lash the skyshark but do no damage.
The skyshark bites you!!
You die...
Xom howls with laughter!

# #. *# ##.#.
############# .#
......##§#.#.....#.## #.
#...'§@F..........####.
......##§§§#.###.##....+<
,....P, #######
###.#P#... , .... **
#####... F..* , ##.. ..,,
, * ##. . ## , , * ,* ,


You could see a skyshark (berserk).

Vanquished Creatures
  2 hydras (Lair:2)
  A two-headed ogre (D:9)
  2 centaur warriors (D:8)
  3 death yaks (Lair:2)
  A cyclops (D:8)
  A guardian serpent (D:8)
  3 elephants (Lair:1)
  3 black mambas
  11 cane toads
  2 komodo dragons
  Psyche (D:8)
  A troll (D:9)
  8 blink frogs (Lair:2)
  4 dream sheep (Lair:2)
  16 yaks
  3 wyverns
  A basilisk (Lair:2)
  3 steam dragons
  2 acid dragons (D:8)
  13 water moccasins
  An ice beast (D:5)
  2 black bears (D:8)
  An ogre (D:5)
  4 centaurs
  5 wolves (Lair:1)
  2 phantoms
  3 kobold brigands (D:8)
  2 elf zombies (Ossuary)
  8 bullfrogs
  2 scorpions
  3 wights
  15 killer bees
  10 electric eels
  6 howler monkeys
  2 bombardier beetles
  2 hounds (D:5)
  2 jellies
  Crazy Yiuf (D:7)
  6 orc priests
  6 iguanas
  3 sleepcaps
  12 orc wizards
  2 hound zombies (Ossuary)
  3 mummies (Ossuary)
  9 gnolls
  9 adders
  4 white imps
  2 ufetubi (D:5)
  2 adder zombies (Ossuary)
  A dart slug (D:1)
  35 orcs
  6 ball pythons
  An endoplasm (shapeshifter) (D:8)
  5 endoplasms
  3 giant cockroaches
  A gnoll zombie (Ossuary)
  31 goblins
  28 hobgoblins
  4 jackals (D:4)
  8 kobolds
  3 quokkas
  4 bats
  5 frilled lizards
  2 kobold zombies (Ossuary)
  An orc zombie (Ossuary)
  3 rats
  A foxfire (Lair:2)
352 creatures vanquished.

Vanquished Creatures (collateral kills)
  2 yaks (Lair:2)
  2 phantoms (D:4)
  2 human zombies (Ossuary)
  An iguana (D:4)
  A mummy (Ossuary)
  A kobold (D:4)
  4 foxfires
13 creatures vanquished.

Vanquished Creatures (others)
  An ice beast (D:6)
  613 foxfires
614 creatures vanquished.

Grand Total: 979 creatures vanquished

Notes
Turn   | Place    | Note
-------+----------+-------------------------------------------
     0 | D:1      | PlayingRandomsOnly the Armataur Fire Elementalist began the
                  | quest for the Orb.
     0 | D:1      | Reached XP level 1. HP: 14/14 MP: 3/3
     8 | D:1      | Reached skill level 1 in Conjurations
   259 | D:1      | Reached XP level 2. HP: 20/20 MP: 0/4
   285 | D:1      | Found Isituufoxa's Weapon Boutique.
   495 | D:1      | Reached XP level 3. HP: 25/26 MP: 3/5
   665 | D:1      | Found Rivashe's Assorted Antiques.
   895 | D:2      | Found a shimmering altar of Xom.
   940 | D:2      | Reached XP level 4. HP: 21/33 MP: 4/6
   962 | D:2      | Became a worshipper of Xom the Capricious
  1121 | D:2      | Learned a level 2 spell: Scorch
  1125 | D:2      | Learned a level 3 spell: Volatile Blastmotes
  1320 | D:3      | Found Ulyatap's Weapon Shop.
  1402 | D:1      | Bought a shiny lead wand for 116 gold pieces
  1587 | D:3      | Reached skill level 1 in Translocations
  1634 | D:3      | XOM: divination: detect items
  1654 | D:3      | Found a transporter.
  1658 | D:3      | Noticed BMaster's ghost (amateur MiFi)
  1659 | D:3      | Found a transporter.
  1816 | D:3      | XOM: silly message
  1826 | D:3      | XOM: silly message
  1859 | D:3      | Found a faded altar of an unknown god.
  1870 | D:3      | XOM: silly message
  2016 | D:3      | Reached XP level 5. HP: 32/38 MP: 4/7
  2133 | D:3      | XOM: scenery: create altars
  2236 | D:3      | XOM: silly message
  2328 | D:4      | Found Zousat's Magic Scroll Shop.
  2328 | D:4      | XOM: 9-stop teleportation journey
  2332 | D:4      | Noticed a phantom
  2336 | D:4      | Killed a phantom
  2337 | D:4      | Reached skill level 1 in Fighting
  2350 | D:4      | Noticed a phantom
  2353 | D:4      | Killed a phantom
  2354 | D:4      | Reached XP level 6. HP: 48/48 MP: 4/8
  2440 | D:4      | XOM is BORED!
  2452 | D:4      | Learned a level 2 spell: Blink
  2605 | D:4      | Found a sand-covered staircase.
  2643 | Ossuary  | Entered an ossuary
  2674 | Ossuary  | Reached skill level 5 in Fire Magic
  2674 | Ossuary  | Gained mutation: You regenerate magic and health when
                  | rolling toward enemies. (Rampage Regen) [Armataur growth]
  2674 | Ossuary  | Reached XP level 7. HP: 48/55 MP: 3/9
  2768 | Ossuary  | XOM: summons 3 hostile demons
  2780 | Ossuary  | XOM: summons 2 friendly demons
  2859 | Ossuary  | XOM: summons 2 friendly demons
  3160 | D:4      | Reached skill level 5 in Translocations
  3304 | D:5      | Entered Level 5 of the Dungeon
  3304 | D:5      | Noticed a wyvern
  3311 | D:5      | Killed a wyvern
  3312 | D:5      | Reached XP level 8. HP: 36/61 MP: 1/10
  3397 | D:5      | XOM: cast spell 'Iskenderun's Battlesphere'
  3533 | D:5      | Reached skill level 5 in Conjurations
  3737 | D:5      | XOM: summons 1 hostile shadow creature
  4021 | D:5      | XOM: summons 2 friendly demons
  4226 | D:5      | XOM: give mutations
  4226 | D:5      | Gained mutation: You have a pair of small horns on your
                  | head. [Xom's mischief]
  4226 | D:5      | Gained mutation: You are partially covered in iridescent
                  | scales. (AC +2) [Xom's mischief]
  4226 | D:5      | Gained mutation: You have an increased reservoir of magic.
                  | (+10% MP) [Xom's mischief]
  4867 | D:1      | Bought a shimmering leather armour for 203 gold pieces
  4867 | D:1      | Identified the +1 leather armour "Zezorghuo" {Dex+2} (You
                  | bought it in a shop on level 1 of the Dungeon)
  5279 | D:6      | XOM: enchant monster (bad)
  5280 | D:6      | Reached skill level 1 in Armour
  5287 | D:6      | XOM: god gift: wand of quicksilver (6)
  5302 | D:6      | Reached XP level 9. HP: 70/71 MP: 3/13
  5319 | D:6      | XOM: divine lightning
  5543 | D:6      | Learned a level 4 spell: Flame Wave
  5663 | D:6      | Reached skill level 1 in Evocations
  6325 | D:7      | XOM: polymorph hound -> endoplasm
  6377 | D:7      | Found Mil Hode's Assorted Antiques.
  6394 | D:7      | XOM: 1-stop teleportation journey
  6403 | D:7      | XOM: divination: detect items
  6449 | D:7      | XOM: 5-stop teleportation journey
  6524 | D:7      | Reached skill level 5 in Armour
  6957 | D:7      | Found a runed translucent door.
  6958 | D:7      | Noticed Crazy Yiuf
  6976 | D:7      | XOM: smoke on damage
  6980 | D:7      | Killed Crazy Yiuf
  7308 | D:7      | Found a staircase to the Ecumenical Temple.
  7535 | D:8      | Reached skill level 5 in Stealth
  7637 | D:8      | XOM: potion effect (might)
  7640 | D:8      | XOM: divination: detect creatures
  7725 | D:7      | XOM: noise
  7761 | D:8      | Found a staircase to the Lair.
  7770 | D:8      | XOM: cast spell 'Cause Fear'
  7861 | D:8      | a centaur changed into a glowing shapeshifter
  7861 | D:8      | Noticed a glowing shapeshifter (glowing shapeshifter)
  7861 | D:8      | XOM: polymorph centaur -> glowing shapeshifter
  7861 | D:8      | a glowing shapeshifter changed into a boggart
  7862 | D:8      | XOM: enchant monster (bad)
  7864 | D:7      | XOM: enchant monster (bad)
  7865 | D:7      | XOM: silly message
  8013 | D:8      | Reached XP level 10. HP: 73/78 MP: 9/15
  8168 | D:8      | XOM: enchant monster (bad)
  8301 | D:8      | Noticed a cyclops
  8303 | D:8      | HP: 3/78 [poisoned by a killer bee]
  8304 | D:8      | Noticed a centaur warrior
  8346 | D:8      | XOM: noise
  8513 | D:8      | Killed a cyclops
  8576 | D:8      | Noticed a centaur warrior
  8576 | D:8      | XOM: 2-stop teleportation journey
  8580 | D:8      | Noticed Psyche
  8587 | D:8      | Killed Psyche
  8589 | D:8      | XOM: butterfly on damage
  8590 | D:8      | Killed a centaur warrior
  8892 | D:8      | Found a radiant altar of Vehumet.
  9072 | D:8      | Killed a centaur warrior
  9077 | D:8      | Learned a level 3 spell: Ozocubu's Armour
  9226 | D:8      | XOM: silly message
  9343 | D:8      | Reached skill level 5 in Evocations
  9479 | D:8      | XOM: summons 2 hostile shadow creatures
  9535 | D:8      | a centaur changed into a guardian serpent
  9535 | D:8      | Noticed a guardian serpent
  9535 | D:8      | XOM: polymorph centaur -> guardian serpent
  9540 | D:8      | Killed a guardian serpent
  9541 | D:8      | Reached skill level 5 in Fighting
  9541 | D:8      | Reached XP level 11. HP: 86/86 MP: 6/17
  9763 | D:8      | Identified the +6 falchion "Haara" {speed, Int+4}
  9896 | D:8      | Got the Incunable of the Salvo
 10193 | D:9      | Identified the +2 robe of Words of Power {+Blink rF+ Str+8
                  | Stlth-}
 10210 | D:9      | XOM: summons 2 hostile shadow creatures
 10215 | D:9      | Noticed a soul eater
 10359 | D:9      | Identified the ring of Dithmenos's Regard {rN+ MP+9 Dex+3}
 10365 | D:9      | Found a broken altar of Ashenzari.
 10817 | D:9      | Noticed a two-headed ogre
 10835 | D:9      | XOM: scenery: create altars
 10838 | D:9      | Killed a two-headed ogre
 10839 | D:9      | Reached skill level 1 in Short Blades
 10839 | D:9      | Reached skill level 1 in Ice Magic
 10933 | D:9      | XOM: noise
 11103 | D:9      | XOM: fog
 11358 | D:9      | XOM: divination: magic mapping
 11618 | Lair:1   | XOM: stealth player
 11618 | Lair:1   | Entered Level 1 of the Lair of Beasts
 11637 | Lair:1   | XOM: 5-stop teleportation journey
 11681 | Lair:1   | Found a glowing golden altar of the Shining One.
 11824 | Lair:1   | XOM: divination: detect creatures
 11985 | Lair:1   | XOM: god gift: helmet {god gift}
 12137 | Lair:1   | XOM: god gift: staff of conjuration
 12389 | Lair:1   | XOM: enchant monster (bad)
 12807 | Lair:2   | Noticed an eight-headed hydra
 12809 | Lair:2   | XOM: swap monsters
 12824 | Lair:2   | Killed an eight-headed hydra
 12825 | Lair:2   | Reached skill level 5 in Short Blades
 12825 | Lair:2   | Reached skill level 5 in Ice Magic
 12853 | Lair:2   | Noticed an eight-headed hydra
 12855 | Lair:2   | XOM: stat loss: -1 Str (14/15)
 13086 | Lair:2   | Reached XP level 12. HP: 59/96 MP: 18/18
 13116 | Lair:2   | XOM: noise
 13157 | Lair:2   | XOM: blink monster(s)
 13158 | Lair:2   | XOM: give mutations
 13158 | Lair:2   | Gained mutation: Your spells are a little easier to cast,
                  | but a little less powerful. [Xom's mischief]
 13158 | Lair:2   | Lost mutation: You have a pair of small horns on your head.
                  | [Xom's mischief]
 13158 | Lair:2   | Gained mutation: You are dopey. (Int -2) [Xom's mischief]
 13158 | Lair:2   | Lost mutation: You are partially covered in iridescent
                  | scales. (AC +2) [Xom's mischief]
 13338 | Lair:2   | XOM: 4-stop teleportation journey
 13347 | Lair:2   | Noticed a death yak
 13351 | Lair:2   | Noticed a death yak
 13358 | Lair:2   | XOM: enchant monster (bad)
 13364 | Lair:2   | XOM: blink monster(s)
 13370 | Lair:2   | XOM: 1-stop teleportation journey
 13700 | Lair:2   | HP: 2/96 [black mamba (12)]
 13769 | Lair:1   | XOM: give mutations
 13769 | Lair:1   | Gained mutation: You occasionally shout uncontrollably at
                  | your foes. [Xom's mischief]
 13769 | Lair:1   | Lost mutation: Your spells are a little easier to cast, but
                  | a little less powerful. [Xom's mischief]
 13769 | Lair:1   | Gained mutation: You are frail. (-10% HP) [Xom's mischief]
 13769 | Lair:1   | Gained mutation: You have a pair of small antennae on your
                  | head. [Xom's mischief]
 13824 | Lair:1   | XOM: stat loss: -1 Dex (13/14)
 13932 | Lair:2   | Learned a level 3 spell: Inner Flame
 13944 | Lair:2   | Reached skill level 1 in Hexes
 14016 | Lair:2   | XOM: scenery: summon butterflies
 14237 | Lair:2   | Killed an eight-headed hydra
 14238 | Lair:2   | Reached skill level 5 in Spellcasting
 14260 | Lair:2   | XOM: noise
 14279 | Lair:2   | Killed a death yak
 14492 | Lair:2   | XOM: give mutations
 14492 | Lair:2   | Lost mutation: You are dopey. (Int -2) [Xom's mischief]
 14492 | Lair:2   | Gained mutation: You are dopey. (Int -2) [Xom's mischief]
 14492 | Lair:2   | Gained mutation: You are weak. (Str -2) [Xom's mischief]
 14554 | Lair:2   | Noticed a death yak
 14577 | Lair:2   | Killed a death yak
 14586 | Lair:2   | XOM: chaos cloud
 14599 | Lair:2   | XOM: summons 3 friendly demons
 14601 | Lair:2   | XOM: polymorph white imp -> ufetubus
 14609 | Lair:2   | XOM: summons 7 friendly demons
 14617 | Lair:2   | Killed a death yak
 14759 | Lair:2   | XOM: scenery: 1 doors open, 1 doors close
 14801 | Lair:2   | XOM: confusion (+ monsters)
 14933 | Lair:2   | XOM: summons 1 hostile shadow creature
 15011 | Lair:2   | XOM: give mutations
 15011 | Lair:2   | Gained mutation: You sometimes lose your temper in combat.
                  | [Xom's mischief]
 15011 | Lair:2   | Lost mutation: You are weak. (Str -2) [Xom's mischief]
 15011 | Lair:2   | Gained mutation: You passively map a small area around you.
                  | [Xom's mischief]
 15011 | Lair:2   | Lost mutation: You are frail. (-10% HP) [Xom's mischief]
 15255 | Lair:3   | XOM: silly message
 15258 | Lair:3   | XOM: silly message
 15264 | Lair:3   | XOM: silly message
 15267 | Lair:3   | XOM: smoke on damage
 15268 | Lair:3   | HP: 4/97 [skyshark (2)]
 15269 | Lair:3   | Demolished by a skyshark

Illustrated notes

Levels and vault maps discovered:
D:1:      dpeg_arrival_round_c, layout_loops_ring, serial_shops,
          nicolae_shop_window_shopping, nicolae_shop_trees
D:2:      layout_rooms, basic_altar
D:3:      layout_loops_ring, serial_shops, nicolae_shop_peninsula,
          gammafunk_ghost_mausoleum, shapermc_ecumenical_altar_ellora
D:4:      layout_basic, serial_shops, shop, enter_ossuary_3
D:5:      kb_forest_paths, layout_loops_ring, minmay_misc_feat_rugged
D:6:      minmay_goblin_kobold_castle, layout_gridville,
          minmay_misc_feat_secret_circle
D:7:      layout_basic, lemuel_temple_firewalk_b, serial_shops, shop,
          serial_park_tiny_2, chequers_jeans, uniq_crazy_yiuf_cottage
D:8:      nzn_winding_woodlands_large [nzn_winding_woodlands_5x5_cross,
          nzn_winding_woodlands_5x15_parted,
          nzn_winding_woodlands_5x5_checkerboard,
          nzn_winding_woodlands_center_garden,
          nzn_winding_woodlands_15x15_eel_pit,
          nzn_winding_woodlands_center_diamonds,
          nzn_winding_woodlands_5x5_perimeter,
          nzn_winding_woodlands_5x15_default,
          nzn_winding_woodlands_5x5_default], layout_rooms,
          mainiacjoe_overflow_surrounded_room, due_lair_maze_entry_diamond,
          uniq_psyche
D:9:      layout_basic, mainiacjoe_overflow_six_doors_small
Lair:1:   layout_loops_ring, basic_altar, grunt_megastairs_5,
          infiniplex_staircase_pool
Lair:2:   layout_regular_city, beast_lair_carwin_1
Lair:3:   layout_roguey, minmay_swamp_entry_reptiles,
          spider_nest_entry_funnel_web

Skill      XL: |  1  2  3  4  5  6  7  8  9 10 11 12 |
---------------+-------------------------------------+-----
Conjurations   | 1 2 3 4 6 8 |  8.0
Fire Magic     | 3 5 6 8 |  8.0
Translocations | 2 3 5 |  5.0
Fighting       | 2 4 5 6 |  6.9
Armour         | 2 5 6 |  6.8
Stealth        | 3 7 |  7.0
Spellcasting   | 2 3 5 |  5.0
Evocations     | 4 5 6 |  6.0
Short Blades   | 6 8 |  8.0
Ice Magic      | 5 |  5.0
Hexes          | 3 |  3.0
Dodging        | |  1.3

Action                     |  1- 3 |  4- 6 |  7- 9 | 10-12 || total
---------------------------+-------+-------+-------+-------++-------
  Melee: Dagger            |    37 |    35 |   100 |   231 ||   403
         Tailslap          |     3 |     6 |    14 |    49 ||    72
         Unarmed           |     1 |       |       |       ||     1
         Short sword       |       |    19 |    26 |       ||    45
         Mace              |       |       |    45 |       ||    45
         Headbutt          |       |       |    28 |    35 ||    63
         Punch             |       |       |     2 |     4 ||     6
         Staff             |       |       |       |     5 ||     5
   Cast: Foxfire           |    32 |    76 |   163 |   134 ||   405
         Volatile Blastmot |       |     2 |    13 |    40 ||    55
         Scorch            |       |     9 |    87 |   119 ||   215
         Flame Wave        |       |       |     1 |    33 ||    34
         Ozocubu's Armour  |       |       |       |    12 ||    12
         Blink             |       |       |       |    10 ||    10
         Inner Flame       |       |       |       |     5 ||     5
  Evoke: Wand              |       |       |     4 |    13 ||    17
    Use: Scroll            |       |     1 |     7 |    13 ||    21
         Potion            |       |       |     4 |     4 ||     8
   Stab: Sleeping          |     1 |       |     2 |     1 ||     4
         Distracted        |       |       |       |     1 ||     1
         Confused          |       |       |       |     1 ||     1
 Armour: Robe              |    17 |    34 |   103 |   233 ||   387
         Leather armour    |       |       |    89 |    84 ||   173
         Skin              |       |       |       |     4 ||     4
  Dodge: Dodged            |    21 |    55 |   237 |   311 ||   624

Table legend: (Time is in decaauts)
 A = Elapsed time spent in this place.
 B = Non-inter-level travel time spent in this place.
 C = Inter-level travel time spent in this place.
 D = Time resting spent in this place.
 E = Time spent auto-exploring this place.
 F = Levels seen in this place.
 G = Mean time per level.
                   A        B        C        D        E       F      G
               +--------+--------+--------+--------+--------+-----+--------+
         Total |  15192 |  14397 |    795 |   3841 |   5064 |  13 | 1168.6 |
       Dungeon |  11183 |  10452 |    731 |   2412 |   3798 |   9 | 1242.6 |
          Lair |   3617 |   3553 |     64 |   1429 |   1266 |   3 | 1205.7 |
       Ossuary |    391 |    391 |      0 |      0 |      0 |   1 |  391.0 |
               +--------+--------+--------+--------+--------+-----+--------+

Top non-repeatable levels by time:
     D:7: 2007 daAuts
  Lair:1: 1903 daAuts
     D:8: 1830 daAuts
  Lair:2: 1673 daAuts
     D:5: 1508 daAuts
     D:9: 1466 daAuts
     D:6: 1271 daAuts
     D:1: 998 daAuts
     D:3: 913 daAuts
     D:4: 646 daAuts
     D:2: 541 daAuts
 Ossuary: 391 daAuts
  Lair:3: 39 daAuts
